 Dungeon Crawl Stone Soup version 0.30-a0-347-gf58ed5266c (webtiles) character file.

Game seed: 4439524299693542557

406 runemasterragnar the Ruffian (level 6, 0/51 HPs)
             Began as a Draconian Transmuter on Nov 6, 2022.
             Killed by divine providence
             ... invoked by an orc priest
              (11 damage)
             ... on level 4 of the Dungeon.
             The game lasted 00:04:04 (3444 turns).

runemasterragnar the Ruffian (Draconian Transmuter) Turns: 3444, Time: 00:04:05

Health: 0/51       AC:  6    Str: 17 (20) XL:     6   Next: 56%
Magic:  10/10      EV: 12    Int: 11 (13) God:
Gold:   102        SH:  0    Dex:  9 (12) Spells: 8/11 levels left

rFire   . . .      SeeInvis .    i - +7 Throatcutter {drain, coup de grace}
rCold   . . .      Faith    .    (no shield)
rNeg    . . .      Spirit   .    (body armour unavailable)
rPois   .          Reflect  .    (helmet restricted)
rElec   .          Harm     .    (no cloak)
rCorr   .          Rampage  .    (no gloves)
Will    .....                    (no boots)
Stlth   +.........               (no amulet)
HPRegen 0.28/turn                g - +6 ring of strength
MPRegen 0.12/turn                (no ring)

@: invisible
A: AC +6, unfitting armour, cold-blooded
a: no special abilities


You were on level 4 of the Dungeon.
You visited 1 branch of the dungeon, and saw 4 of its levels.

You collected 141 gold pieces.
You spent 39 gold pieces at shops.

Inventory:

Hand Weapons
 i - the +7 Throatcutter (weapon) {drain, coup de grace}
   (You found it on level 2 of the Dungeon)

   A truly terrible weapon, it drains the life of any living foe it strikes.
   It may instantly kill foes which have little health.
Jewellery
 g - a +6 ring of strength (left hand)
Scrolls
 b - a scroll of poison {unknown}
 d - a scroll of summoning {unknown}
 h - a scroll of immolation {unknown}
 j - 5 scrolls of identify {unknown}
 k - a scroll of brand weapon {unknown}
 l - 2 scrolls of teleportation {unknown}
 o - a scroll of vulnerability {unknown}
 p - a scroll of noise {unknown}
 s - a scroll of blinking {unknown}
 t - a scroll of amnesia {unknown}
 u - a scroll of butterflies {unknown}
Potions
 a - a potion of lignification
 c - a potion of haste
 e - a potion of cancellation {unknown}
 f - 3 potions of curing
 m - 3 potions of attraction {unknown}
 n - 3 potions of degeneration
 q - a potion of invisibility
 r - a potion of heal wounds


   Skills:
 + Level 3.3 Fighting
 + Level 3.2 Dodging
 + Level 4.2 Unarmed Combat
 + Level 3.3 Spellcasting
 + Level 3.6 Transmutations


You had 8 spell levels left.
You knew the following spells:

 Your Spells              Type           Power      Damage    Failure   Level
a - Beastly Appendage     Tmut           18%        N/A       6%          1
b - Wereblood             Tmut           9%         N/A       9%          2

Your spell library contained the following spells:

 Spells                   Type           Power      Damage    Failure   Level
 Ensorcelled Hibernation  Hex/Ice        2%         N/A       36%         2
 Spider Form              Tmut/Pois      5%         N/A       36%         3
 Gell's Gravitas          Tloc           1%         N/A       61%         3
 Teleport Other           Tloc           1%         N/A       61%         3
 Ice Form                 Ice/Tmut       5%         N/A       77%         4
 Anguish                  Hex/Necr       0%         N/A       95%         4
 Dispersal                Tloc           0%         N/A       100%        6


Dungeon Overview and Level Annotations

Branches:
Dungeon (4/15)
 Temple: D:4-7

Altars:
Qazlal
Uskayaw

Shops:
D:2 !


Innate Abilities, Weirdness & Mutations

Your plain brown scales are hard. (AC +6)
You cannot fit into any form of body armour.
You are cold-blooded and may be slowed by cold attacks.


Message History

The orc hits you but does no damage. The orc priest completely misses you.
You hit the hobgoblin. You drain the hobgoblin.
You kill the hobgoblin!
The orc hits you but does no damage.
The orc priest hits you but does no damage.
The orc hits you but does no damage. x2
The orc priest looks satisfied for a moment.
You completely miss the orc.
The orc hits you from afar with a +0 trident.
The orc priest hits you but does no damage.
The orc hits you with a +0 short sword.
You slash the orc!
You kill the orc!
The orc hits you but does no damage.
The orc priest hits you but does no damage.
You cannot move.
You cannot move.
You feel less wooden. The orc hits you but does no damage.
The orc priest misses you.
You slash the orc priest! You drain the orc priest.
You kill the orc priest!
The orc barely misses you.
The orc priest hits you but does no damage.
The orc barely misses you.
The orc priest hits you from afar with a +0 trident!
* * * LOW HITPOINT WARNING * * *
You aren't carrying any items that you can evoke.
It was a potion of degeneration.
There was something very wrong with that liquid.
You feel weakened.
You feel dopey.
You feel clumsy.
The orc hits you from afar with a +0 trident.
* * * LOW HITPOINT WARNING * * *
The orc priest closely misses you.
It was a potion of invisibility.
You fade into invisibility!
The orc closely misses you. The orc priest barely misses you.
Okay, then.
The orc priest mumbles some strange prayers to Beogh against you.
Beogh smites you!
You die...

..............#
#.
.........oo...#
#.
..............#
#.
.......ro.....#
#.
........o.....#
##
########'#######
#........#
######o.......#
#..@.o........#
#.####........#
#.####...[†...#
#.............#
#######'#######
#.#########
#.#.......#
#.#..####.#
#.#.....#.#


You could see an orc priest (unable to see you) and an orc (unable to see you).

Vanquished Creatures
  A hound (D:4)
  3 orc priests (D:4)
  Natasha (thrice) (D:2)
  An orc wizard (D:3)
  8 gnolls
  4 adders
  A worm (D:2)
  8 orcs
  3 endoplasms
  2 giant cockroaches
  3 goblins
  5 hobgoblins
  9 quokkas
  6 ball pythons
  4 bats
  2 frilled lizards (D:1)
  5 kobolds
  4 rats
72 creatures vanquished.

Notes
Turn   | Place    | Note
-------+----------+-------------------------------------------
     0 | D:1      | runemasterragnar the Draconian Transmuter began the quest
                  | for the Orb.
     0 | D:1      | Reached XP level 1. HP: 16/16 MP: 3/3
   497 | D:1      | Reached XP level 2. HP: 23/23 MP: 3/5
   943 | D:2      | Found Suitturi's Distillery.
   961 | D:2      | Bought a potion of curing for 39 gold pieces
  1033 | D:2      | Found the +7 Throatcutter {drain, coup de grace}
  1035 | D:2      | Noticed Natasha
  1044 | D:2      | Noticed a crimson imp
  1047 | D:2      | Killed Natasha
  1048 | D:2      | Reached XP level 3. HP: 29/29 MP: 4/6
  1121 | D:2      | Found a faded altar of an unknown god.
  1139 | D:2      | Reached XP level 4. HP: 22/36 MP: 7/7
  1187 | D:2      | Noticed Natasha
  1194 | D:2      | Killed Natasha
  1324 | D:2      | Identified the +2 short sword "Laach" {speed, rN+}
  1343 | D:2      | Identified the +2 dagger "Ugoanab" {pain, rC+}
  1481 | D:2      | Noticed Natasha
  1491 | D:2      | Killed Natasha
  1492 | D:2      | Reached XP level 5. HP: 28/42 MP: 9/9
  1832 | D:2      | Learned a level 2 spell: Wereblood
  1947 | D:3      | Found a stormy altar of Qazlal.
  2631 | D:3      | Reached skill level 4 in Unarmed Combat
  2843 | D:4      | Reached XP level 6. HP: 51/51 MP: 8/10
  3177 | D:4      | Found a hide-covered altar of Uskayaw.
  3444 | D:4      | Killed from afar by an orc priest

Illustrated notes

Levels and vault maps discovered:
D:1:      dpeg_arrival_castle, layout_basic
D:2:      layout_basic, serial_shops, shop,
          shapermc_ecumenical_altar_mp_highgroup, dk_noncrumbling_2,
          nrook_mini_vaults, uniq_natasha
D:3:      layout_basic, nicolae_qazlal_general_emergency
D:4:      layout_basic, nicolae_uskayaw_suspiria, gammafunk_temple_overflow_wave

Skill      XL: |  1  2  3  4  5 |
---------------+----------------+-----
Dodging        | 2 3 |  3.2
Fighting       | 2 3 |  3.3
Transmutations | 3 |  3.6
Spellcasting   | 3 |  3.3
Unarmed Combat | 4 |  4.2

Action                   |  1- 3 |  4- 6 || total
-------------------------+-------+-------++-------
Melee: Unarmed           |    38 |       ||    38
       Kick              |     9 |     7 ||    16
       Tailslap          |     2 |     1 ||     3
       Headbutt          |     2 |     5 ||     7
       Long sword        |     6 |    88 ||    94
 Cast: Beastly Appendage |    17 |    27 ||    44
       Wereblood         |       |     1 ||     1
  Use: Potion            |     1 |     3 ||     4
 Stab: Sleeping          |     1 |       ||     1
Armor: Skin              |     6 |    37 ||    43
Dodge: Dodged            |    28 |    55 ||    83

Table legend: (Time is in decaauts)
 A = Elapsed time spent in this place.
 B = Non-inter-level travel time spent in this place.
 C = Inter-level travel time spent in this place.
 D = Time resting spent in this place.
 E = Time spent auto-exploring this place.
 F = Levels seen in this place.
 G = Mean time per level.
                   A        B        C        D        E       F      G
               +--------+--------+--------+--------+--------+-----+--------+
         Total |   3482 |   3467 |     15 |    367 |   2612 |   4 |  870.5 |
       Dungeon |   3482 |   3467 |     15 |    367 |   2612 |   4 |  870.5 |
               +--------+--------+--------+--------+--------+-----+--------+

Top non-repeatable levels by time:
     D:4: 1061 daAuts
     D:1: 940 daAuts
     D:2: 890 daAuts
     D:3: 590 daAuts
